 Dungeon Crawl Stone Soup version 0.29-a0-1052-g6990b1bffc (webtiles) character file.

Game seed: 1932759952916021003

27 gelatine the Stinger (level 2, -1/19 HPs)
             Began as a Demonspawn Venom Mage on Aug 17, 2022.
             Slain by a frilled lizard (2 damage)
             ... on level 2 of the Dungeon.
             The game lasted 00:02:38 (1012 turns).

gelatine the Stinger (Demonspawn Venom Mage)        Turns: 1012, Time: 00:02:39

Health: -1/19      AC:  4    Str:  8    XL:     2   Next: 93%
Magic:  1/5        EV: 12    Int: 16    God:
Gold:   98         SH:  0    Dex: 13    Spells: 5/6 levels left

rFire   . . .      SeeInvis .   b - +0 dagger
rCold   . . .      Faith    .   (no shield)
rNeg    . . .      Spirit   .   a - +0 robe
rPois   .          Reflect  .   (no helmet)
rElec   .          Harm     .   (no cloak)
rCorr   .          Rampage  .   (no gloves)
Will    .....                   (no boots)
Stlth   ++........              (no amulet)
HPRegen 0.06/turn               (no ring)
MPRegen 0.09/turn               (no ring)

@: no status effects
A: slimy green scales 1
a: no special abilities


You were on level 2 of the Dungeon.
You visited 1 branch of the dungeon, and saw 2 of its levels.

You collected 98 gold pieces.

Inventory:

Hand Weapons
 b - a +0 dagger (weapon)
Armour
 a - a +0 robe (worn)
Scrolls
 c - 2 scrolls of teleportation {unknown}
 e - 2 scrolls of enchant weapon {unknown}
 f - a scroll of amnesia {unknown}
Potions
 d - a potion of lignification {unknown}
 g - a potion of degeneration {unknown}
 h - a potion of haste {unknown}


   Skills:
 + Level 0.1 Short Blades
 + Level 1.8 Dodging
 + Level 1.9 Stealth
 + Level 2.5 Spellcasting
 + Level 1.2 Transmutations
 + Level 3.3 Poison Magic


You had 5 spell levels left.
You knew the following spells:

 Your Spells              Type           Power      Damage    Failure   Level
a - Sting                 Tmut/Pois      36%        1d4       8%          1

Your spell library contained the following spells:

 Spells                   Type           Power      Damage    Failure   Level
 Poisonous Vapours        Pois/Air       14%        N/A       16%         2
 Shock                    Conj/Air       8%         1d3       21%         1
 Mephitic Cloud           Conj/Pois/Air  5%         N/A       36%         3
 Olgreb's Toxic Radiance  Pois           12%        N/A       43%         4
 Dazzling Flash           Conj/Hex       4%         N/A       52%         3
 Swiftness                Air            2%         N/A       52%         3
 Airstrike                Air            1%         2d(1-17)  89%         4
 Agony                    Necr           2%         N/A       99%         5
 Silence                  Hex/Air        1%         N/A       99%         5


Dungeon Overview and Level Annotations

Branches:
Dungeon (2/15)

Altars:


Innate Abilities, Weirdness & Mutations

You are partially covered in slimy green scales. (AC +2)


Message History

You kill the rat!
A hobgoblin comes into view.
You are out of magic!
You can't see any susceptible monsters within range! (Use Z to cast anyway.)
The sting misses the hobgoblin.
The hobgoblin hits you.
There is a stone staircase leading up here.
You hit the hobgoblin but do no damage. The hobgoblin barely misses you.
You barely miss the hobgoblin. The frilled lizard misses you.
The hobgoblin hits you.
You barely miss the hobgoblin. The frilled lizard misses you.
The hobgoblin hits you.
* * * LOW HITPOINT WARNING * * *
You closely miss the frilled lizard. The hobgoblin barely misses you.
The frilled lizard misses you.
You closely miss the frilled lizard. The frilled lizard barely misses you.
The hobgoblin hits you but does no damage.
You closely miss the frilled lizard. The frilled lizard barely misses you.
The hobgoblin closely misses you.
You hit the frilled lizard.
The frilled lizard is heavily wounded.
The hobgoblin hits you but does no damage.
The frilled lizard misses you.
You hit the frilled lizard but do no damage.
The frilled lizard is heavily wounded.
The frilled lizard bites you but does no damage.
The hobgoblin barely misses you.
You closely miss the frilled lizard.
The frilled lizard is heavily wounded.
The hobgoblin hits you but does no damage.
The frilled lizard bites you but does no damage.
You miss the frilled lizard.
The frilled lizard is heavily wounded.
The frilled lizard bites you.
* * * LOW HITPOINT WARNING * * *
The hobgoblin barely misses you.
You miss the frilled lizard.
The frilled lizard is heavily wounded.
The hobgoblin barely misses you. The frilled lizard bites you.
You die...

#.....# ###
#.....#......
#.....#...... .
#...........
..####..........
#..........#.#.#
#..............#
#......l...###.###
......#@#.........##
#######g##l.........
.................
.###.##g#.##...#
#.....)# ..#
#.##.........[
#..........###
..###...##..h..
#...# ..#..


You could see a hobgoblin and a frilled lizard.

Vanquished Creatures
  2 dart slugs (D:1)
  2 ball pythons (D:1)
  2 endoplasms (D:1)
  2 goblins
  3 hobgoblins (D:1)
  2 jackals (D:2)
  A quokka (D:1)
  A bat (D:1)
  3 kobolds (D:1)
  4 rats
22 creatures vanquished.

Notes
Turn   | Place    | Note
-------+----------+-------------------------------------------
     0 | D:1      | gelatine the Demonspawn Venom Mage began the quest for the
                  | Orb.
     0 | D:1      | Reached XP level 1. HP: 13/13 MP: 3/3
   310 | D:1      | Gained mutation: You are partially covered in slimy green
                  | scales. (AC +2) [demonic ancestry]
   310 | D:1      | Reached XP level 2. HP: 19/19 MP: 0/5
   390 | D:1      | Found a faded altar of an unknown god.
   431 | D:1      | Reached skill level 1 in Transmutations
  1012 | D:2      | Slain by a frilled lizard

Illustrated notes

Levels and vault maps discovered:
D:1:      eino_arrival_water_cross, layout_rooms,
          shapermc_ecumenical_altar_ellora
D:2:      layout_basic, minmay_joined_circles

Skill      XL: |  1  2 |
---------------+-------+-----
Transmutations | 1 |  1.2
Short Blades   | |  0.1
Dodging        | |  1.8
Stealth        | |  1.9
Spellcasting   | |  2.5
Poison Magic   | |  3.3

Action                   || total
-------------------------++-------
Melee: Dagger            ||    39
 Cast: Sting             ||    37
  Use: Potion            ||     1
Armor: Robe              ||    19
Dodge: Dodged            ||    49

Table legend: (Time is in decaauts)
 A = Elapsed time spent in this place.
 B = Non-inter-level travel time spent in this place.
 C = Inter-level travel time spent in this place.
 D = Time resting spent in this place.
 E = Time spent auto-exploring this place.
 F = Levels seen in this place.
 G = Mean time per level.
                   A        B        C        D        E       F      G
               +--------+--------+--------+--------+--------+-----+--------+
         Total |   1011 |    974 |     37 |     19 |    762 |   2 |  505.5 |
       Dungeon |   1011 |    974 |     37 |     19 |    762 |   2 |  505.5 |
               +--------+--------+--------+--------+--------+-----+--------+

Top non-repeatable levels by time:
     D:1: 965 daAuts
     D:2: 45 daAuts
